 Dungeon Crawl Stone Soup version 0.30.1-9-gdf580d7c3d (webtiles) character file.

Game seed: 17898763467359762125

1687927 LordWeiramon the Imperceptible (level 27, 199/199 HPs)
             Began as a Kobold Monk on Oct 3, 2023.
             Was the Champion of Ashenzari.
             Escaped with the Orb
             ... and 3 runes!
             The game lasted 06:23:06 (68051 turns).

LordWeiramon the Imperceptible (Kobold Monk)       Turns: 68051, Time: 06:23:06

Health: 199/199    AC: 20    Str: 17    XL:     27
Magic:  32/32      EV: 56    Int: 10    God:    Ashenzari [******]
Gold:   2768       SH: 24    Dex: 32    Spells: 33/38 levels left

rFire   + + +        a - +9 rapier "Ruined Together" {protect, Range, Evo} (curse)
rCold   + + +        h - +5 kite shield "Oscillating Fan" {reflect, Melee, Fort} (curse)
rNeg    + . .        U - +4 skin of Zhor {*Englaciate rC+++ SInv, Alch, Fort} (curse)
rPois   +            I - +2 helmet of the Cosmic God {Fort, Alch} (curse)
rElec   +            K - +2 cloak "Share My Panentheism" {rPois, Fort, Elem} (curse)
rCorr   .            V - +0 pair of gloves of Supernal Understanding {Will+ Str+3 Dex+2, Fort, Self} (curse)
SInv    +            H - +0 pair of boots "Ensconced With Me" {Fly rN+ Str+4 Int-5, Melee, Fort} (curse)
Will    ++++.        S - amulet "Shattered Repose" {rElec Regen+ Int+4 Stlth+, Cun, Fort} (curse)
Stlth   ++++         W - ring "Esoteric Augurer" {rElec rF++ EV+5 SInv Stlth-, Evo, Fort} (curse)
HPRegen 1.33/turn    D - ring "Yoke of Ashenzari" {Fly rF+ Will+, Range, Fort} (curse)
MPRegen 0.23/turn

%: reflection, clarity
@: flying, studying 2 skills
A: small, no large weapons, nightstalker 3, cold resistance 1, deterioration 1,
subdued magic 1, sturdy frame 1
0: Orb of Zot
}: 3/15 runes: decaying, silver, gossamer
a: Renounce Religion, Shatter the Chains


You escaped.
You worshipped Ashenzari.
Ashenzari was exalted by your worship.
You visited 10 branches of the dungeon, and saw 48 of its levels.
You visited the Abyss 2 times.
You visited 1 bazaar.
You also visited: Gauntlet, Ice Cave, Volcano and Wizlab.

You collected 8958 gold pieces.
You spent 6190 gold pieces at shops.

Inventory:

Hand Weapons
 a - the cursed +9 rapier "Ruined Together" (weapon) {protect, Range, Evo}
   (You acquired it on level 5 of the Dungeon)

   It has a curse which improves the following skills: Ranged Combat: Ranged
   Weapons and Throwing.
   Evocations: Evocations.
 b - a +7 rapier of speed
Missiles
 j - 30 atropa-tipped darts
 q - a throwing net (quivered)
 s - 78 poisoned darts
 x - 15 curare-tipped darts
Armour
 h - the cursed +5 kite shield "Oscillating Fan" (worn) {reflect, Melee, Fort}
   (You took it off Donald on level 3 of the Swamp)

   It has a curse which improves the following skills: Melee Combat: Short
   Blades, Long Blades, Axes, Maces & Flails, Polearms, Staves and Unarmed
   Combat.
   Fortitude: Armour and Shields.
 H - the cursed +0 pair of boots "Ensconced With Me" (worn) {Fly rN+ Str+4 Int-5, Melee, Fort}
   (You bought it in a shop in a bazaar)

   Str:       It affects your strength (+4).
   Int:       It affects your intelligence (-5).
   rN:        It protects you from negative energy.
   Fly:       It grants you flight.
   It has a curse which improves the following skills: Melee Combat: Short
   Blades, Long Blades, Axes, Maces & Flails, Polearms, Staves and Unarmed
   Combat.
   Fortitude: Armour and Shields.
 I - the cursed +2 helmet of the Cosmic God (worn) {Fort, Alch}
   (You found it on level 2 of the Vaults)

   It has a curse which improves the following skills: Fortitude: Armour and
   Shields.
   Alchemy:   Poison Magic and Transmutations.
 K - the cursed +2 cloak "Share My Panentheism" (worn) {rPois, Fort, Elem}
   (You took it off Nikola on level 3 of the Swamp)

   It has a curse which improves the following skills: Fortitude: Armour and
   Shields.
   Elements:  Fire Magic, Ice Magic, Air Magic and Earth Magic.
 U - the cursed +4 skin of Zhor (worn) {*Englaciate rC+++ SInv, Alch, Fort}
   (You found it on level 5 of the Lair of Beasts)

   *Englaciate: It radiates cold, occasionally slowing all nearby creatures who
   are not resistant to cold.
   rC:        It renders you almost immune to cold.
   SInv:      It lets you see invisible.
   It has a curse which improves the following skills: Alchemy: Poison Magic and
   Transmutations.
   Fortitude: Armour and Shields.
 V - the cursed +0 pair of gloves of Supernal Understanding (worn) {Will+ Str+3 Dex+2, Fort, Self}
   (You acquired it on level 13 of the Dungeon)

   Str:       It affects your strength (+3).
   Dex:       It affects your dexterity (+2).
   Will:      It increases your willpower.
   It has a curse which improves the following skills: Fortitude: Armour and
   Shields.
   Introspection: Fighting and Spellcasting.
Jewellery
 D - the cursed ring "Yoke of Ashenzari" (right hand) {Fly rF+ Will+, Range, Fort}
   (You bought it in a shop on level 6 of the Dungeon)

   [ring of protection from fire]

   rF:        It protects you from fire.
   Fly:       It grants you flight.
   Will:      It increases your willpower.
   It has a curse which improves the following skills: Ranged Combat: Ranged
   Weapons and Throwing.
   Fortitude: Armour and Shields.
 S - the cursed amulet "Shattered Repose" (around neck) {rElec Regen+ Int+4 Stlth+, Cun, Fort}
   (You bought it in a shop on level 6 of the Dungeon)

   [amulet of regeneration]

   Int:       It affects your intelligence (+4).
   rElec:     It insulates you from electricity.
   Regen:     It increases your rate of health regeneration.
   Stlth:     It makes you more stealthy.
   It has a curse which improves the following skills: Cunning: Dodging and
   Stealth.
   Fortitude: Armour and Shields.
 W - the cursed ring "Esoteric Augurer" (left hand) {rElec rF++ EV+5 SInv Stlth-, Evo, Fort}
   (You took it off a minotaur in a Gauntlet)

   [ring of evasion]

   EV:        It affects your evasion (+5).
   rF:        It greatly protects you from fire.
   rElec:     It insulates you from electricity.
   SInv:      It lets you see invisible.
   Stlth:     It makes you less stealthy.
   It has a curse which improves the following skills: Evocations: Evocations.
   Fortitude: Armour and Shields.
Wands
 m - a wand of digging (28)
 t - a wand of polymorph (21)
 y - a wand of roots (44)
 z - a wand of charming (41)
 E - a wand of acid (11)
 F - a wand of flame (178)
 Q - a wand of mindburst (23)
Scrolls
 e - a scroll of brand weapon
 f - 10 scrolls of poison
 l - 2 scrolls of enchant armour
 o - 16 scrolls of teleportation
 p - 6 scrolls of fear
 A - 19 scrolls of fog
 C - 4 scrolls of summoning
 G - 5 scrolls of blinking
 N - 4 scrolls of magic mapping
Potions
 d - 18 potions of heal wounds
 g - 8 potions of haste
 i - 11 potions of might
 n - 13 potions of cancellation
 r - 16 potions of flight
 u - 8 potions of mutation
 w - 9 potions of berserk rage
 B - 21 potions of curing
 J - 9 potions of brilliance
 L - 13 potions of ambrosia
 M - 3 potions of resistance
 O - 4 potions of magic
 Y - 3 potions of invisibility
Miscellaneous
 c - a phantom mirror
 k - a lightning rod (3/4)
 R - a condenser vane
 T - a box of beasts
 Z - a phial of floods


   Skills:
 - Level 25.6(27) Fighting
 - Level 25.4(27) Short Blades
 - Level 6.4(10.0) Throwing
 - Level 13.0(22.9) Armour
 - Level 25.5(27) Dodging
 - Level 25.9(27) Stealth
 - Level 10.6(20.4) Shields
 - Level 4.0(6.3) Spellcasting
 - Level 8.0 Translocations
 + Level 21.3(24.5) Evocations


You had 33 spell levels left.
You knew the following spells:

 Your Spells              Type           Power      Damage    Failure   Level
a - Lesser Beckoning      Tloc           28%        N/A       1%          2
b - Blink                 Tloc           28%        N/A       1%          2
g - Apportation           Tloc           28%        N/A       1%          1

Your spell library contained the following spells:

 Spells                   Type           Power      Damage    Failure   Level
 Momentum Strike          Conj/Tloc      16%        3d8       6%          2
 Passage of Golubria      Tloc           14%        N/A       8%          4
 Vhi's Electric Charge    Tloc/Air       16%        N/A       12%         3
 Volatile Blastmotes      Fire/Tloc      16%        2d11      12%         3
 Portal Projectile        Hex/Tloc       16%        N/A       13%         3
 Beastly Appendage        Tmut           6%         N/A       19%         1
 Freeze                   Ice            8%         1d3       21%         1
 Sandblast                Erth           4%         2d4       21%         1
 Kiss of Death            Conj/Necr      8%         2d6       22%         1
 Magic Dart               Conj           8%         1d3       22%         1
 Necrotise                Necr           8%         1d4       22%         1
 Shock                    Conj/Air       8%         1d3       22%         1
 Slow                     Hex            8%         N/A       22%         1
 Summon Small Mammal      Summ           8%         N/A       22%         1
 Wereblood                Tmut           3%         N/A       28%         2
 Passwall                 Tmut/Erth      2%         N/A       30%         2
 Poisonous Vapours        Pois/Air       6%         N/A       30%         2
 Scorch                   Fire           4%         2d5       30%         2
 Ensorcelled Hibernation  Hex/Ice        4%         N/A       32%         2
 Static Discharge         Conj/Air       4%         2-3/arc   32%         2
 Call Imp                 Summ           4%         N/A       34%         2
 Sublimation of Blood     Necr           2%         N/A       34%         2
 Iskenderun's Mystic Bla  Conj/Tloc      8%         2d4       41%         4
 Spider Form              Tmut/Pois      3%         N/A       50%         3
 Frozen Ramparts          Ice            4%         1d1       52%         3
 Mephitic Cloud           Conj/Pois/Air  2%         N/A       52%         3
 Ozocubu's Armour         Ice            2%         N/A       52%         3
 Swiftness                Air            2%         N/A       52%         3
 Hailstorm                Conj/Ice       2%         3d3       54%         3
 Stone Arrow              Conj/Erth      4%         3d7       54%         3
 Call Canine Familiar     Summ           2%         N/A       58%         3
 Confusing Touch          Hex            2%         N/A       58%         3
 Dazzling Flash           Conj/Hex       4%         N/A       58%         3
 Summon Guardian Golem    Hex/Summ       2%         N/A       58%         3
 Vampiric Draining        Necr           2%         2d6       58%         3
 Summon Forest            Summ/Tloc      4%         N/A       77%         5
 Dispersal                Tloc           7%         N/A       80%         6
 Olgreb's Toxic Radiance  Pois           3%         N/A       89%         4
 Ice Form                 Ice/Tmut       3%         N/A       90%         4
 Petrify                  Tmut/Erth      3%         N/A       90%         4
 Airstrike                Air            1%         2d(1-17)  91%         4
 Flame Wave               Conj/Fire      2%         2d4       92%         4
 Leda's Liquefaction      Hex/Erth       1%         N/A       92%         4
 Summon Lightning Spire   Summ/Air       2%         N/A       92%         4
 Anguish                  Hex/Necr       1%         N/A       94%         4
 Animate Dead             Necr           2%         N/A       94%         4
 Cause Fear               Hex            1%         N/A       94%         4
 Dispel Undead            Necr           2%         3d7       94%         4
 Alistair's Intoxication  Tmut/Pois      2%         N/A       99%         5
 Blade Hands              Tmut           1%         N/A       99%         5
 Freezing Cloud           Conj/Ice/Air   1%         6-21      99%         5
 Irradiate                Conj/Tmut      1%         3d12      99%         5
 Agony                    Necr           2%         N/A       100%        5
 Arcjolt                  Conj/Air       1%         1d11      100%        5
 Borgnjor's Vile Clutch   Necr/Erth      1%         N/A       100%        5
 Metabolic Englaciation   Hex/Ice        1%         N/A       100%        5
 Summon Mana Viper        Hex/Summ       2%         N/A       100%        5
 Death Channel            Necr           1%         N/A       100%        6
 Eringya's Noxious Bog    Tmut/Pois      1%         N/A       100%        6
 Plasma Beam              Fire/Air       1%         2x1d12    100%        6
 Simulacrum               Ice/Necr       1%         N/A       100%        6
 Starburst                Conj/Fire      1%         6d3       100%        6
 Statue Form              Tmut/Erth      2%         N/A       100%        6
 Summon Cactus Giant      Summ           1%         N/A       100%        6
 Dragon Form              Tmut           1%         N/A       100%        7
 Malign Gateway           Summ/Tloc      4%         N/A       100%        7
 Orb of Destruction       Conj           1%         9d5       100%        7
 Spellforged Servitor     Conj/Summ      1%         N/A       100%        7
 Storm Form               Tmut/Air       1%         N/A       100%        7
 Summon Hydra             Summ           1%         N/A       100%        7
 Borgnjor's Revivificati  Necr           1%         N/A       100%        8
 Discord                  Hex            1%         N/A       100%        8
 Ignition                 Fire           1%         3d3       100%        8
 Lehudib's Crystal Spear  Conj/Erth      1%         10d2      100%        8
 Necromutation            Tmut/Necr      1%         N/A       100%        8
 Death's Door             Necr           1%         N/A       100%        9
 Dragon's Call            Summ           1%         N/A       100%        9
 Fire Storm               Conj/Fire      1%         7d1       100%        9


Dungeon Overview and Level Annotations

Branches:
Dungeon (15/15)            Temple (1/1) D:4            Lair (5/5) D:8
  Swamp (4/4) Lair:2       Spider (4/4) Lair:3        Slime (0/5) Lair:4
    Orc (2/2) D:10            Elf (3/3) Orc:2        Vaults (5/5) D:14
  Crypt (0/3) Vaults:2     Depths (4/4) D:15            Zot (5/5) Depths:4
  IceCv (visited)         Volcano (visited)          WizLab (visited)
Gauntlet (visited)

Altars:
Ashenzari
Cheibriados
Dithmenos
Elyvilon
Fedhas
Gozag
Hepliaklqana
Kikubaaqudgha
Makhleb
Nemelex Xobeh
Okawaru
Qazlal
Ru
Sif Muna
Trog
Uskayaw
Vehumet
Wu Jian
Xom
Yredelemnul
Zin
The Shining One
Jiyva
Lugonu

Shops:
D:6 =   D:8 (   D:13 =   Orc:1 :   Orc:2 (=(!   Elf:1 *!   Elf:2 *(=:   Elf:3 [
Vaults:1 *?[(!   Vaults:3 *((:

Portals:
Hell: Depths:1 Depths:2 Depths:3 Depths:4
Abyss: Depths:1 Depths:2 Depths:3
Pandemonium: Depths:1 Depths:2 Depths:3
Ziggurat: Depths:2

Annotations:
Vaults:1 dig


Innate Abilities, Weirdness & Mutations

You are small and have problems with some larger weapons.
You are completely attuned to the shadows.
Your flesh is cold resistant. (rC+)
Your body sometimes deteriorates upon taking damage.
Your spells are a little easier to cast, but a little less powerful.
Your movements are slightly less encumbered by armour. (ER -2)


Message History

(N) Spider Nest (M) Slime Pits (O) Orcish Mines (E) Elven Halls (V) Vaults (C) Crypt (U) Depths (H) Hell (Z) Zot
Where to? (Enter - D:1 @ (x,y), ? - help)
There is a stone staircase leading up here.
You fly upwards.
There is a stone staircase leading down here.
There is a stone staircase leading up here.
You fly upwards.
There is a stone staircase leading down here.
Things that are here:
a +0 chain mail; a +4 mace
There is a stone staircase leading up here.
There is a stone staircase leading up here.
You fly upwards.
There is a stone staircase leading down here.
There is an escape hatch in the ceiling here.
A mysterious force pulls you upwards. The hatch slams shut behind you.
There is a stone staircase leading up here.
You fly upwards.
There is a stone staircase leading down here.
There is a stone staircase leading up here.
You fly upwards.
There is a stone staircase leading down here.
An Orb Guardian comes into view.
You radiate an aura of cold.
The Orb Guardian seems to slow down.
There is a stone staircase leading up here.
You fly upwards.
There is a stone staircase leading down, spattered with blood here.
(D) Dungeon (T) Temple (L) Lair (S) Swamp (N) Spider Nest (M) Slime Pits (O) Orcish Mines (E) Elven Halls (V) Vaults (C) Crypt (U) Depths (H) Hell (Z) Zot
Where to? (Enter - D:1 @ (x,y), ? - help)
There is a stone staircase leading up here.
You fly upwards.
There is a stone staircase leading down here.
There is an open door here.
There is a staircase leading out of the dungeon here.
You have escaped!

##### ######.@.######
###.............###
####.................###
#..+.................'.##
#.##.................#..#
#.####.....[.......###..#
#.# ###.........### ##.#
#.# ###.....### #.#####
#####.## ###.........###
#.##...


There were no monsters in sight!

Vanquished Creatures
  3 dread liches
  2 orbs of fire
  Mara (Vaults:4)
  2 juggernauts
  9 Killer Klowns
  Bai Suzhen (Depths:2)
  Margery (Vaults:4)
  Saint Roka (Vaults:4)
  2 curse toes
  9 caustic shrikes
  Nikola (Swamp:3)
  17 golden dragons
  A Hellbinder (WizLab)
  An electric golem (Zot:2)
  Jorgrun (Elf:1)
  A Brimstone Fiend (Zot:4)
  Zenata (Vaults:4)
  17 tentacled monstrosities
  9 liches
  A walking crystal tome (Depths:3)
  3 deep elf blademasters (Elf:3)
  A walking earthen tome (Depths:3)
  A deep elf master archer (Elf:3)
  7 titans
  Mlioglotl (Spider:3)
  22 Orb Guardians (Zot:5)
  5 quicksilver dragons
  A quicksilver dragon (shapeshifter) (Depths:2)
  3 walking divine tomes
  Kirke (D:12)
  13 death cobs
  3 thorn hunters
  8 sphinxes
  Donald (Swamp:3)
  6 tengu reavers
  14 storm dragons
  24 shadow dragons
  11 draconian monks
  The ghost of Babbit the Severer, a journeyman MiFi of Okawaru (Orc:1)
  The ghost of TekDriveTruck the Brawler, a journeyman TrMo of Okawaru (Orc:2)
  4 deep elf sorcerers
  9 fire giants
  3 iron dragons
  8 draconian scorchers
  7 emperor scorpions (Spider:4)
  7 draconian knights
  10 frost giants
  18 vault wardens
  The ghost of kmckee the Executioner, a journeyman MiFi of Okawaru (Orc:2)
  2 balrugs
  6 draconian stormcallers
  Aizul (Depths:1)
  4 deep elf elementalists
  5 broodmothers
  15 ironbound preservers
  7 draconian shifters
  An orc warlord (Vaults:3)
  5 ghost moths
  4 war gargoyles
  9 draconian annihilators
  A spriggan defender (Depths:1)
  The ghost of wingedge the Unseen, a journeyman KoBe of Trog (Orc:2)
  15 very ugly things
  The ghost of Muruk the Tainted, a journeyman DsAr of Yredelemnul (Orc:1)
  A stone giant (shapeshifter) (Depths:1)
  A cacodemon (WizLab)
  9 stone giants
  8 deep elf demonologists
  8 vampire knights
  6 ironbound thunderhulks
  20 red draconians
  4 eleionomae
  14 yellow draconians
  Nessos (D:14)
  7 spark wasps
  10 deep elf annihilators
  The ghost of Nonny the Zephyrmancer, a journeyman TeAE of Gozag (Lair:5)
  A demonspawn black sun (WizLab)
  A minotaur (Gauntlet)
  2 lorocyprocas (WizLab)
  10 dire elephants
  16 black draconians
  7 purple draconians
  9 green draconians
  3 bunyips
  8 white draconians
  4 blizzard demons
  12 fire dragons
  Snorg (Lair:3)
  11 ettins
  A crystal guardian (Vaults:3)
  6 entropy weavers
  9 deep elf death magi
  12 yaktaur captains
  6 deep elf high priests
  A shambling mangrove (Swamp:2)
  7 great orbs of eyes
  Fannar (D:11)
  2 peacekeepers
  19 hydras
  A caustic shrike simulacrum (IceCv)
  7 ogre magi
  35 vault guards
  4 rakshasas
  2 spriggan air magi
  A catoblepas (Lair:5)
  3 ice dragons
  6 ironbound frosthearts
  10 boulder beetles
  A ghost crab (Swamp:4)
  4 alligators
  3 jorogumos
  13 two-headed ogres
  14 centaur warriors
  2 deep troll shamans
  3 radroaches
  4 hell hogs (Abyss:1)
  2 tengu warriors (Depths:1)
  11 spriggan berserkers
  10 deep troll earth magi
  12 death yaks
  24 dancing weapons
  7 hell knights
  A soul eater (WizLab)
  A sun demon (Depths:1)
  11 deep elf knights
  2 sixfirhies
  5 pharaoh ants
  4 goliath frogs
  A skyshark (Spider:1)
  Lodul (D:13)
  9 iron trolls
  2 death drakes (Swamp:3)
  A fire crab (Lair:3)
  4 glowing orange brains
  A flayed ghost (Depths:3)
  42 deep trolls
  15 swamp dragons
  3 shadow demons (WizLab)
  A swamp dragon (shapeshifter) (Vaults:5)
  A glowing orange brain (shapeshifter) (Vaults:5)
  11 orb spiders
  8 bog bodies
  5 spriggan druids (Swamp:1)
  18 ironbound convokers
  2 obsidian statues
  A wolf spider zombie (D:15)
  16 deep elf archers
  5 lindwurms
  15 wizards
  23 deep elf zephyrmancers
  6 phantasmal warriors
  5 necromancers
  9 steelbarb worms
  29 deep elf pyromancers
  6 orc knights
  10 harpies
  A frost giant zombie (Vaults:1)
  15 orc sorcerers
  21 wolf spiders
  2 salamanders
  9 will-o-the-wisps
  A cyclops (shapeshifter) (Vaults:4)
  A moth of wrath (shapeshifter) (Vaults:5)
  27 ugly things
  A shining eye (shapeshifter) (Vaults:5)
  4 cyclopes
  2 manticores (Lair:5)
  35 moths of wrath
  A large abomination (Abyss:1)
  10 elephants
  A stone giant zombie (Vaults:1)
  2 rust devils
  An elephant (shapeshifter) (Vaults:4)
  3 centaur zombies (D:15)
  A naga mage (D:15)
  11 torpor snails
  9 black mambas
  4 smoke demons
  A centaur skeleton (D:15)
  17 vault sentinels
  5 orange demons
  A gargoyle (D:12)
  7 demonic crawlers
  21 cane toads
  5 komodo dragons
  An unseen horror (D:8)
  An efreet (D:15)
  2 anaconda simulacra (IceCv)
  9 rime drakes
  A yaktaur zombie (Vaults:1)
  18 freezing wraiths
  47 yaktaurs
  A kobold demonologist (D:12)
  A yaktaur (shapeshifter) (D:14)
  4 ice devils
  10 tengu conjurers
  2 red devils (WizLab)
  A queen bee (Lair:1)
  3 golden dragon simulacra (IceCv)
  3 meliai (Spider:3)
  10 hornets
  5 trolls
  A hellwing (WizLab)
  12 tyrant leeches
  13 polar bears
  30 tarantellas
  8 dream sheep (Lair:5)
  2 raiju (Lair:5)
  41 slime creatures
  15 blink frogs
  12 water elementals
  4 air elementals
  21 culicivoras
  41 jumping spiders
  9 spriggans
  5 shadows
  A shapeshifter (Elf:2)
  A vampire (D:13)
  3 dire elephant simulacra (IceCv)
  2 ynoxinuls
  3 wraiths
  3 basilisks
  6 fire bats (Volcano)
  A fire elemental (Elf:2)
  A human (D:14)
  12 wyverns
  40 yaks
  Grum (D:11)
  5 neqoxecs
  6 vampire mosquitoes
  76 redbacks
  2 minotaur simulacra (IceCv)
  3 hogs (D:12)
  A redback (shapeshifter) (Depths:3)
  7 wargs
  A steam dragon (D:8)
  An elf skeleton (Vaults:1)
  7 chaos spawn
  Menkaure (D:4)
  2 spatial vortices (Vaults:4)
  14 swamp worms
  17 water moccasins
  15 hell hounds (Lair:5)
  A floating eye (shapeshifter) (Vaults:5)
  3 acid dragons
  A floating eye (Depths:3)
  16 orc warriors
  A sky beast (D:8)
  2 ettin simulacra (IceCv)
  11 swamp drakes
  14 ogres
  14 black bears
  2 ice beasts
  5 alligator simulacra (IceCv)
  5 centaurs (D:11)
  41 wolves
  4 phantoms
  4 kobold brigands
  4 scorpions
  2 earth elementals (Elf:3)
  12 bullfrogs
  A deep troll simulacrum (IceCv)
  6 wights (D:8)
  A hornet simulacrum (D:15)
  32 killer bees
  6 lindwurm simulacra (IceCv)
  5 electric eels
  8 howler monkeys
  4 lava snakes (Volcano)
  5 hounds
  13 orc priests
  2 gnoll boudas
  6 jellies
  2 sleepcaps (D:5)
  6 iguanas
  36 orc wizards
  5 hell rats (Lair:4)
  7 adders
  17 gnolls
  2 white imps
  2 ufetubi (D:5)
  3 worms
  A dart slug (D:1)
  67 orcs
  6 endoplasms
  3 giant cockroaches
  8 goblins
  8 hobgoblins
  4 jackals
  23 kobolds
  4 quokkas
  12 ball pythons
  7 bats
  6 frilled lizards
  5 rats
2293 creatures vanquished.

Vanquished Creatures (collateral kills)
  Parghit (Depths:4)
  An emperor scorpion (Spider:4)
  A deep elf death mage (Vaults:5)
  A deep elf high priest (Vaults:5)
  2 two-headed ogres (Volcano)
  A deep elf zephyrmancer (Vaults:5)
7 creatures vanquished.

Vanquished Creatures (others)
  A golden dragon (Zot:1)
  A wizard (Vaults:1)
  A deep elf zephyrmancer (Elf:2)
  A jumping spider (Spider:2)
  30 foxfires
34 creatures vanquished.

Grand Total: 2334 creatures vanquished

Notes
Turn   | Place    | Note
-------+----------+-------------------------------------------
     0 | D:1      | LordWeiramon the Kobold Monk began the quest for the Orb.
     0 | D:1      | Reached XP level 1. HP: 14/14 MP: 1/1
    57 | D:1      | Reached skill level 1 in Stealth
   177 | D:1      | Reached XP level 2. HP: 19/19 MP: 2/2
   367 | D:1      | Reached XP level 3. HP: 22/23 MP: 3/3
   837 | D:2      | Reached skill level 1 in Throwing
   890 | D:2      | Reached skill level 5 in Short Blades
   890 | D:2      | Reached XP level 4. HP: 16/28 MP: 4/4
  1522 | D:2      | Found a faded altar of an unknown god.
  1566 | D:2      | Reached XP level 5. HP: 32/32 MP: 5/5
  2267 | D:3      | Found a shimmering blue altar of Sif Muna.
  2771 | D:3      | Reached XP level 6. HP: 37/37 MP: 6/6
  3383 | D:4      | Noticed Menkaure
  3393 | D:4      | Found a staircase to the Ecumenical Temple.
  3480 | Temple   | Entered the Ecumenical Temple
  3484 | Temple   | Found a transporter.
  3484 | Temple   | Found a transporter.
  3486 | Temple   | Found a transporter.
  3486 | Temple   | Found a transporter.
  3511 | Temple   | Became a worshipper of Ashenzari the Shackled
  3574 | D:4      | Reached * piety under Ashenzari
  3662 | D:4      | Reached XP level 7. HP: 31/41 MP: 7/7
  3845 | D:4      | Found a bloodstained altar of Trog.
  4212 | D:4      | Reached ** piety under Ashenzari
  4527 | D:5      | Entered Level 5 of the Dungeon
  4560 | D:5      | Reached skill level 5 in Stealth
  4645 | D:5      | Identified a scroll of acquirement
  4666 | D:5      | Acquired a +2 rapier of venom
  4750 | D:5      | Reached skill level 1 in Shields
  4814 | D:5      | Reached XP level 8. HP: 46/46 MP: 8/8
  5112 | D:5      | Reached skill level 5 in Fighting
  5588 | D:6      | Reached skill level 10 in Short Blades
  5890 | D:6      | Reached skill level 5 in Dodging
  5890 | D:6      | Reached XP level 9. HP: 54/54 MP: 9/9
  6509 | D:6      | Found Viema's Jewellery Boutique.
  7182 | D:8      | Reached skill level 10 in Stealth
  7241 | D:8      | Noticed a green ugly thing
  7449 | D:8      | Reached *** piety under Ashenzari
  7453 | D:8      | Found Ucru's Antique Weapon Shoppe.
  7522 | D:8      | Reached skill level 5 in Throwing
  7526 | D:8      | Reached XP level 10. HP: 59/59 MP: 10/10
  7661 | D:6      | Bought the ring of Dawn {Fly rF+ Will+} for 555 gold pieces
  7726 | D:4      | Killed Menkaure
  8221 | D:8      | Noticed an elephant
  8507 | D:9      | Found a hide-covered altar of Uskayaw.
  8617 | D:9      | Reached **** piety under Ashenzari
  9176 | D:10     | Entered Level 10 of the Dungeon
  9658 | D:9      | Reached XP level 11. HP: 63/64 MP: 11/11
  9790 | D:10     | Found a staircase to the Orcish Mines.
  9877 | D:10     | Reached skill level 10 in Dodging
 10631 | D:11     | Noticed a two-headed ogre
 10717 | D:11     | Identified the +7 long sword "Wenimya" {venom, Str+6 Dex+3}
 10813 | D:11     | Identified the ring of Kameor {AC+4 Int+2}
 10855 | D:11     | Identified the +4 whip "Omoucif" {vamp, rPois rC+ SInv}
 11089 | D:8      | Found a staircase to the Lair.
 11115 | D:8      | Killed an elephant
 11116 | D:8      | Reached skill level 1 in Armour
 11194 | Lair:1   | Entered Level 1 of the Lair of Beasts
 11474 | Lair:1   | Reached XP level 12. HP: 72/72 MP: 12/12
 11483 | Lair:1   | Reached skill level 5 in Armour
 12061 | Lair:1   | Reached skill level 5 in Shields
 12311 | Lair:2   | Found a staircase to the Swamp.
 12439 | Lair:2   | Reached skill level 1 in Evocations
 12448 | Lair:2   | Found a snail-covered altar of Cheibriados.
 13277 | Lair:3   | Noticed a death yak
 13277 | Lair:3   | Noticed a death yak
 13309 | Lair:3   | Noticed Snorg
 13325 | Lair:3   | Killed Snorg
 13355 | Lair:3   | Identified the +3 ring mail of Hopscotch {Harm Str-5 Int+3}
 13359 | Lair:3   | Reached XP level 13. HP: 76/76 MP: 13/13
 13415 | Lair:3   | Found a dark tunnel.
 13419 | Volcano  | Entered a volcano
 13487 | Volcano  | Reached skill level 15 in Stealth
 13533 | Volcano  | Noticed a red draconian
 13544 | Volcano  | Killed a red draconian
 13552 | Volcano  | Noticed an ogre mage
 13557 | Volcano  | Killed an ogre mage
 13558 | Volcano  | Reached skill level 10 in Fighting
 13611 | Volcano  | Found a bloodstained altar of Trog.
 13647 | Volcano  | Found a radiant altar of Vehumet.
 13811 | Lair:3   | Found a hole to the Spider Nest.
 14131 | Lair:3   | Identified the +1 scale mail of Sorueqey {rElec Will+}
 14144 | Lair:3   | Identified the +1 robe of Koeprod {rPois MP+9}
 14815 | Lair:3   | Reached XP level 14. HP: 72/88 MP: 14/14
 15519 | Lair:4   | Reached skill level 15 in Dodging
 15622 | Lair:4   | Found a staircase to the Slime Pits.
 15635 | Lair:4   | Found a viscous altar of Jiyva.
 15946 | D:6      | Bought the amulet of the Bespelling Gods {rElec Regen+
                  | Int+4 Stlth+} for 772 gold pieces
 16554 | Lair:5   | Entered Level 5 of the Lair of Beasts
 16799 | Lair:5   | Found the +4 skin of Zhor {*Englaciate rC+++ SInv}
 17029 | Lair:5   | Found a gate leading to a gauntlet.
 17035 | Gauntlet | Entered a Gauntlet
 17035 | Gauntlet | Found a transporter.
 17042 | Gauntlet | Found a transporter.
 17074 | Gauntlet | Found a transporter.
 17074 | Gauntlet | Found a transporter.
 17090 | Gauntlet | Found a transporter.
 17090 | Gauntlet | Found a transporter.
 17108 | Gauntlet | Found a transporter.
 17119 | Gauntlet | Found a transporter.
 17154 | Gauntlet | Found a runed translucent door.
 17168 | Gauntlet | Found a transporter.
 17257 | Gauntlet | Found a transporter.
 17257 | Gauntlet | Found a transporter.
 17277 | Gauntlet | Found a transporter.
 17448 | Abyss:1  | Cast into level 1 of the Abyss (chaos spawn)
 17507 | Abyss:1  | Reached skill level 15 in Short Blades
 17514 | Abyss:1  | Reached XP level 15. HP: 33/92 MP: 15/15
 17678 | Gauntlet | Escaped the Abyss
 17906 | Gauntlet | Identified the +0 battleaxe "Sixzeiso" {flame, rElec rF+
                  | MP+9 Dex-3}
 17906 | Gauntlet | Identified the ring "Kasuitha" {rElec rF++ EV+5 SInv
                  | Stlth-}
 17920 | Gauntlet | Identified the +3 war axe of the Ring {freeze, rF+ rC+
                  | Str-5}
 17920 | Gauntlet | Identified the +2 leather armour "Usi Tilo" {-Tele rPois
                  | rN+++ Dex+2}
 18352 | Lair:5   | Reached ***** piety under Ashenzari
 18594 | Lair:5   | Found a runed translucent door.
 18620 | Lair:5   | Noticed Nonny's ghost (journeyman TeAE)
 18624 | Lair:5   | Killed Nonny's ghost
 19931 | Lair:5   | Reached XP level 16. HP: 31/98 MP: 16/16
 20722 | D:11     | Noticed Fannar
 20746 | D:11     | Killed Fannar
 20760 | D:11     | Noticed Grum
 20783 | D:11     | Killed Grum
 21728 | D:12     | Found a snail-covered altar of Cheibriados.
 21895 | D:12     | Identified the +4 robe of Integrity {MP+9}
 22145 | D:12     | Noticed Kirke
 22265 | D:12     | Killed Kirke
 22265 | D:12     | Identified the cursed +0 cloak "Lashed Vexation" {Bglg,
                  | Cun} (You took it off a red draconian in a volcano)
 22265 | D:12     | Identified the cursed +0 helmet of the Bound God {Elem,
                  | Alch} (You found it on level 10 of the Dungeon)
 22265 | D:12     | Identified the cursed +0 pair of gloves "Ensconced Sybil"
                  | {Fort, Comp} (You found it on level 5 of the Dungeon)
 22265 | D:12     | Identified the cursed +0 pair of boots "Cursed With Me"
                  | {Evo, Cun} (You found it on level 3 of the Dungeon)
 22265 | D:12     | Identified the cursed +0 buckler "I Knew You'd Do That"
                  | {Cun, Elem} (You found it on level 5 of the Dungeon)
 22966 | D:13     | Found Sazit's Jewellery Emporium.
 23027 | D:13     | Acquired 923 gold pieces
 23077 | D:13     | Acquired the +0 pair of gloves of the True Pharaoh {Will+
                  | Str+3 Dex+2}
 23080 | D:13     | Acquired the +3 buckler "Xuoriq" {rElec rPois rF+ rC- rN+}
 23156 | D:13     | Noticed Lodul
 23176 | D:13     | Killed Lodul
 23345 | D:14     | Found a radiant altar of Vehumet.
 23632 | D:14     | Found a gate to the Vaults.
 23767 | D:14     | Reached XP level 17. HP: 112/112 MP: 17/17
 23912 | D:14     | Noticed Nessos
 23916 | D:14     | Killed Nessos
 23994 | D:14     | Found the sphere of Battle
 24117 | D:15     | Entered Level 15 of the Dungeon
 24391 | D:15     | Found a blossoming altar of Fedhas.
 24533 | D:15     | Identified the +5 quarterstaff "Ubauffoo" {flame, Str+5
                  | Int-4}
 24623 | D:15     | Found a staircase to the Depths.
 24631 | D:15     | Reached skill level 15 in Fighting
 24937 | Orc:1    | Entered Level 1 of the Orcish Mines
 25021 | Orc:1    | Found Biafen's Self-Improvement Boutique.
 25033 | Orc:1    | Bought a manual of Armour for 1120 gold pieces
 25256 | Orc:2    | Entered Level 2 of the Orcish Mines
 25680 | Orc:2    | Found a runed translucent gate.
 25680 | Orc:2    | Found a runed translucent gate.
 25680 | Orc:2    | Found a runed translucent gate.
 25686 | Orc:2    | Noticed Muruk's ghost (journeyman DsAr)
 25689 | Orc:2    | Noticed wingedge's ghost (journeyman KoBe)
 25689 | Orc:2    | Noticed Babbit's ghost (journeyman MiFi)
 25689 | Orc:2    | Noticed kmckee's ghost (journeyman MiFi)
 25689 | Orc:2    | Noticed TekDriveTruck's ghost (journeyman TrMo)
 25762 | Orc:1    | Killed Muruk's ghost
 25767 | Orc:1    | Learned a level 2 spell: Blink
 25821 | Orc:1    | Killed Babbit's ghost
 25847 | Orc:2    | Found an ancient bone altar of Kikubaaqudgha.
 25853 | Orc:2    | Reached skill level 1 in Spellcasting
 25853 | Orc:2    | Reached skill level 1 in Translocations
 25884 | Orc:2    | Found Rivvoegh's Jewellery Boutique.
 25974 | Orc:2    | Found a staircase to the Elven Halls.
 26072 | Orc:2    | Killed wingedge's ghost
 26223 | Orc:2    | Killed kmckee's ghost
 26609 | Orc:2    | Found Ybitus's Antique Weapon Boutique.
 26642 | Orc:2    | Bought an encrusted short sword for 152 gold pieces
 26642 | Orc:2    | Identified the +1 short sword of the Unspeakable One
                  | {antimagic, Fragile rF- Int+5 Dex+3} (You bought it in a
                  | shop on level 2 of the Orcish Mines)
 26666 | Orc:2    | Found a radiant altar of Vehumet.
 26729 | Orc:2    | Found Xuits's Distillery.
 26734 | Orc:2    | Bought a potion of heal wounds for 65 gold pieces
 26734 | Orc:2    | Bought 2 potions of heal wounds for 130 gold pieces
 26734 | Orc:2    | Bought a potion of cancellation for 104 gold pieces
 26734 | Orc:2    | Bought a potion of flight for 39 gold pieces
 26734 | Orc:2    | Bought a potion of heal wounds for 65 gold pieces
 26772 | Orc:2    | Found Xikougee's Antique Weapon Shop.
 27095 | Swamp:1  | Entered Level 1 of the Swamp
 27266 | Swamp:1  | Reached skill level 5 in Translocations
 27501 | Swamp:1  | Reached XP level 18. HP: 125/125 MP: 28/28
 27891 | Swamp:2  | Found a white marble altar of Elyvilon.
 28387 | Swamp:1  | Reached skill level 10 in Armour
 28615 | Swamp:3  | Noticed Donald
 28616 | Swamp:3  | Killed Donald
 28749 | Swamp:3  | Learned a level 2 spell: Lesser Beckoning
 29429 | Swamp:3  | Noticed Nikola
 29459 | Swamp:3  | Killed Nikola
 29629 | Swamp:4  | Entered Level 4 of the Swamp
 30536 | Swamp:4  | Got a decaying rune of Zot
 30789 | Spider:1 | Entered Level 1 of the Spider Nest
 30858 | Spider:1 | Reached XP level 19. HP: 127/127 MP: 27/27
 32697 | Spider:3 | Noticed Mlioglotl
 32701 | Spider:3 | Killed Mlioglotl
 33458 | Spider:3 | Reached XP level 20. HP: 134/134 MP: 29/29
 33706 | Spider:4 | Entered Level 4 of the Spider Nest
 34309 | Spider:4 | Reached skill level 10 in Shields
 35148 | Spider:4 | Got a gossamer rune of Zot
 35590 | Vaults:1 | Entered Level 1 of the Vaults
 35876 | Vaults:1 | Found Hehovopn's Armour Boutique.
 35934 | Vaults:1 | Found Ytorig's Antique Weapon Emporium.
 35970 | Vaults:1 | Found Raimp's Distillery.
 35975 | Vaults:1 | Bought a potion of haste for 130 gold pieces
 35975 | Vaults:1 | Bought a potion of flight for 39 gold pieces
 35975 | Vaults:1 | Bought a potion of mutation for 104 gold pieces
 35975 | Vaults:1 | Bought a potion of flight for 39 gold pieces
 35975 | Vaults:1 | Bought a potion of curing for 39 gold pieces
 36186 | Vaults:1 | Found Guaxiham's Magic Scroll Emporium.
 36254 | Vaults:1 | Bought a scroll of fear for 76 gold pieces
 36254 | Vaults:1 | Bought a scroll of blinking for 142 gold pieces
 36254 | Vaults:1 | Bought a scroll of enchant weapon for 142 gold pieces
 36338 | Vaults:1 | Found Midostro's Assorted Antiques.
 36357 | Vaults:1 | Bought a scroll of fear for 88 gold pieces
 36357 | Vaults:1 | Bought 2 potions of invisibility for 352 gold pieces
 36357 | Vaults:1 | Bought 2 potions of might for 176 gold pieces
 36357 | Vaults:1 | Bought a scroll of teleportation for 66 gold pieces
 36775 | Vaults:1 | Identified the ring of the Evening {Wiz rC+ Str+3}
 37277 | Vaults:2 | Found a staircase to the Crypt.
 37279 | Vaults:2 | Reached XP level 21. HP: 139/139 MP: 30/30
 37360 | Vaults:2 | Found a magical portal.
 37366 | WizLab   | Entered The Hall of the Hellbinder
 37853 | WizLab   | Gained mutation: Potions are less effective at restoring
                  | your health. [a neqoxec]
 37874 | WizLab   | Reached skill level 5 in Evocations
 37890 | WizLab   | Identified the +3 short sword of Dawn {protect, rPois
                  | Dex+4}
 37891 | WizLab   | Noticed Leogg
 37897 | WizLab   | Killed Leogg the Hellbinder
 37910 | WizLab   | Found a burning altar of Makhleb.
 37939 | WizLab   | Identified the Parchment of Companions
 39322 | Vaults:3 | Identified the +1 cloak of Yxopurr {Harm Str-2 Dex+2}
 39330 | Vaults:3 | Found Jabba's Antique Weapon Shop.
 39364 | Vaults:3 | Found Irymnid's Book Shop.
 40242 | Vaults:3 | Identified the +7 arbalest of Fear {heavy, rCorr Int+3}
 40245 | Vaults:3 | Found the +8 storm bow {elec, penet}
 40312 | Vaults:3 | Reached XP level 22. HP: 144/144 MP: 30/30
 40433 | Vaults:3 | Found Juanof's Assorted Antiques.
 40496 | Vaults:3 | Found Zyibemohe's Antique Weapon Emporium.
 41330 | Vaults:4 | Noticed Zenata
 41422 | Vaults:4 | Noticed Mara
 41438 | Vaults:4 | Killed Zenata
 41439 | Vaults:4 | Noticed LordWeiramon's illusion
 41443 | Vaults:4 | Killed Mara
 41609 | Vaults:4 | Noticed Margery
 41637 | Vaults:4 | Killed Margery
 41823 | Abyss:3  | Cast into level 3 of the Abyss (vault warden)
 41845 | Vaults:4 | Escaped the Abyss
 42176 | Vaults:4 | Noticed Saint Roka
 42273 | Vaults:4 | Killed Saint Roka
 42777 | Orc:2    | Killed TekDriveTruck's ghost
 42805 | Elf:1    | Entered Level 1 of the Elven Halls
 42834 | Elf:1    | Noticed Jorgrun
 42838 | Elf:1    | Killed Jorgrun
 42875 | Elf:1    | Found Botweogi's Assorted Antiques.
 42880 | Elf:1    | Bought a scroll of enchant weapon for 247 gold pieces
 42880 | Elf:1    | Bought a scroll of fog for 132 gold pieces
 43000 | Elf:1    | Found Isuoluqe's Distillery.
 43218 | Elf:1    | Identified Sextue Wiol's Tome of Blasts
 43555 | Elf:2    | Found Noaxuott's Weapon Shoppe.
 43652 | Elf:2    | Reached XP level 23. HP: 150/153 MP: 32/32
 43763 | Elf:2    | Found a frozen archway.
 43790 | Elf:2    | Found Vust's Book Shop.
 43806 | IceCv    | Entered an ice cave
 44354 | IceCv    | Found an ancient bone altar of Kikubaaqudgha.
 44690 | Elf:2    | Found Tubof's Jewellery Emporium.
 44761 | Elf:2    | Found a runed translucent gate.
 44762 | Elf:2    | Found a runed translucent gate.
 44765 | Elf:2    | Found a runed translucent gate.
 44782 | Elf:2    | Identified the Guidebook on the Geologist
 44796 | Elf:2    | Found Xequk's Assorted Antiques.
 45365 | Elf:3    | Entered Level 3 of the Elven Halls
 45442 | Elf:3    | Found Zuruejomp's Armour Shoppe.
 46895 | Elf:3    | Identified the +6 chain mail of Pandemonium {rC+}
 47038 | Elf:3    | Identified the +1 falchion of Wounding {freeze, rF- Int+5}
 47044 | Elf:3    | Identified the +7 morningstar "Ziufig" {elec, rPois SInv
                  | Stlth+}
 47179 | Elf:3    | Identified the +3 sling of Duakk {flame, Int+2}
 47206 | Elf:3    | Identified the Quarto of Angles
 47216 | Elf:3    | Learned a level 1 spell: Apportation
 47219 | Elf:3    | Identified the +5 short sword "Oggekuwk" {holy, Fly rN+}
 47804 | Depths:1 | Entered Level 1 of the Depths
 47857 | Depths:1 | Found a flickering gateway to a bazaar.
 47863 | Bazaar   | Entered a bazaar
 47865 | Bazaar   | Found Jeasse's Weapon Shoppe.
 47871 | Bazaar   | Found Sikuy's Weapon Boutique.
 47890 | Bazaar   | Found Fogiarips's Antique Armour Shop.
 47902 | Bazaar   | Found Amydinox's Armour Shoppe.
 47913 | Bazaar   | Found Buumy's Antique Armour Shop.
 47918 | Bazaar   | Bought a glowing helmet for 142 gold pieces
 47928 | Bazaar   | Bought the +1 cloak of the New World {Int+2 Dex+2} for 273
                  | gold pieces
 47939 | Bazaar   | Bought a pair of crude boots for 247 gold pieces
 47939 | Bazaar   | Identified the +0 pair of boots of the Snake Pit {Fly rN+
                  | Str+4 Int-5} (You bought it in a shop in a bazaar)
 47939 | Bazaar   | Bought a heavily runed leather armour for 182 gold pieces
 47939 | Bazaar   | Identified the +2 leather armour of Otzoupn {Will+} (You
                  | bought it in a shop in a bazaar)
 47957 | Bazaar   | Bought a +6 rapier of speed for 572 gold pieces
 48031 | Depths:1 | Reached XP level 24. HP: 165/166 MP: 31/31
 48525 | Depths:1 | Noticed Aizul
 48544 | Depths:1 | Killed Aizul
 48787 | Depths:1 | Identified the +0 shortbow of Inflation {freeze, rElec}
 48942 | Depths:1 | Identified the +2 mace "Alagh" {freeze, Contam *Corrode
                  | rN+++ Str+4}
 49191 | Depths:1 | Identified the +6 chain mail of the Garden {rN+++ Regen+
                  | Int+3 Stlth-}
 49194 | Depths:1 | Found a gateway to Hell.
 49405 | Depths:1 | Found a one-way gate to the infinite horrors of the Abyss.
 49438 | Depths:1 | Noticed a golden dragon
 49492 | Depths:1 | Killed a golden dragon
 49710 | Depths:1 | Found a one-way gate leading to the halls of Pandemonium.
 49830 | Depths:2 | Found a one-way gateway to a ziggurat.
 50090 | Depths:2 | Noticed a juggernaut
 50109 | Depths:2 | Identified the ring "Ehopyjet" {Will+ SInv}
 50152 | Depths:2 | Killed a juggernaut
 50761 | Depths:2 | Noticed Bai Suzhen
 50777 | Depths:2 | Killed Bai Suzhen
 50953 | Depths:2 | Identified the +1 war axe of Iconoclasm {pain, Str+3}
 51021 | Depths:2 | Found a glowing golden altar of the Shining One.
 51130 | Depths:2 | Identified the +7 great sword "Taeblamp" {freeze, rPois
                  | Int+6}
 51585 | Depths:3 | Reached XP level 25. HP: 182/182 MP: 31/31
 51648 | Depths:3 | Found a corrupted altar of Lugonu.
 51866 | Depths:3 | Identified Joap's Dissertation on Gross Space
 51994 | Depths:3 | Noticed a juggernaut
 52012 | Depths:3 | Killed a juggernaut
 52045 | Depths:3 | Noticed a caustic shrike
 52050 | Depths:3 | Killed a caustic shrike
 52108 | Depths:3 | Identified the ring "Poor" {rC+ MP+9 Dex+4}
 52129 | Depths:3 | Noticed a caustic shrike
 52166 | Depths:3 | Killed a caustic shrike
 52970 | Depths:4 | Entered Level 4 of the Depths
 53072 | Depths:4 | Noticed Parghit
 53594 | Depths:4 | Identified the +5 broad axe of Doom {freeze, rC+}
 53757 | Depths:4 | Noticed a caustic shrike
 53760 | Depths:4 | Noticed a caustic shrike
 53761 | Depths:4 | Noticed a caustic shrike
 53769 | Depths:3 | Killed a caustic shrike
 53852 | Depths:4 | Noticed a caustic shrike
 53854 | Depths:4 | Noticed a caustic shrike
 53899 | Depths:4 | Noticed a caustic shrike
 53925 | Depths:4 | Killed a caustic shrike
 53953 | Depths:4 | Killed a caustic shrike
 53981 | Depths:4 | Found a gate to the Realm of Zot.
 54174 | Depths:4 | Killed Parghit
 54216 | Depths:4 | Killed a caustic shrike
 54509 | Depths:4 | Noticed a caustic shrike
 54531 | Depths:3 | Killed a caustic shrike
 54587 | Depths:4 | Killed a caustic shrike
 54588 | Depths:4 | Reached XP level 26. HP: 193/193 MP: 32/32
 54956 | Vaults:5 | Entered Level 5 of the Vaults
 55506 | Vaults:5 | Paralysed by a floating eye for 3 turns
 55814 | Vaults:5 | Identified the +1 dagger of Corporal Punishment {drain,
                  | Will+ Str+3}
 55817 | Vaults:5 | Identified the +4 dagger of Ytidac {flame, Will+}
 56011 | Vaults:5 | Identified the staff of conjuration "Xeuwaat" {rC+ Dex+3}
 57008 | Vaults:5 | Identified the Catalogue of Algid Points
 57245 | Vaults:5 | Got a silver rune of Zot
 57835 | Zot:1    | Entered Level 1 of the Realm of Zot
 58012 | Zot:1    | Reached XP level 27. HP: 168/199 MP: 32/32
 59062 | Zot:1    | Identified the +7 halberd of Vovitewi {protect, Fragile
                  | rN+++ Int+4 Dex+3}
 59062 | Zot:1    | Identified the amulet "Odorhof" {Faith Harm rN+ Int+4}
 59155 | Zot:1    | Identified Yskor's Spellbook of Gusts and Sinister Arts
 59245 | Zot:1    | Identified the +10 flail "Jireypnu" {drain, rCorr Str+3}
 59557 | Zot:1    | Identified the +1 robe of Meager Knowledge {Rampage rElec
                  | rPois Archmagi}
 60086 | Zot:2    | Identified the +0 tower shield "Qojury" {*Slow rF+++ Int+3}
 61590 | Zot:3    | Reached skill level 10 in Evocations
 62735 | Zot:3    | Noticed a Killer Klown
 62814 | Zot:3    | Killed a Killer Klown
 62995 | Zot:3    | Noticed a Killer Klown
 63025 | Zot:3    | Killed a Killer Klown
 63035 | Zot:3    | Noticed a dread lich
 63078 | Zot:3    | Killed a dread lich
 63274 | Zot:3    | Noticed an orb of fire
 63470 | Zot:3    | Noticed a Killer Klown
 63501 | Zot:3    | Killed a Killer Klown
 63552 | Zot:3    | Gained mutation: You are frail. (-10% HP) [an orb of fire]
 63567 | Zot:3    | Gained mutation: You are dopey. (Int -2) [an orb of fire]
 63572 | Zot:3    | Gained mutation: You occasionally lose the ability to read
                  | scrolls when taking damage. [an orb of fire]
 63574 | Zot:3    | Killed an orb of fire
 63653 | Zot:3    | Reached ****** piety under Ashenzari
 63913 | Zot:4    | Noticed a Killer Klown
 64116 | Zot:3    | Killed a Killer Klown
 64169 | Zot:4    | Reached skill level 15 in Evocations
 65316 | Zot:5    | Entered Level 5 of the Realm of Zot
 65523 | Zot:5    | Noticed a Killer Klown
 65527 | Zot:5    | Killed a Killer Klown
 66456 | Zot:5    | Noticed a dread lich
 66487 | Zot:5    | Killed a dread lich
 66558 | Zot:5    | Noticed a dread lich
 66582 | Zot:5    | Killed a dread lich
 66616 | Zot:5    | Noticed an orb of fire
 66650 | Zot:5    | Gained mutation: You are covered in fur. (AC +1) [an orb of
                  | fire]
 66652 | Zot:5    | Killed an orb of fire
 66699 | Zot:5    | Noticed a Killer Klown
 66709 | Zot:5    | a Killer Klown changed into a frost giant
 66811 | Zot:5    | Noticed a Killer Klown
 66828 | Zot:5    | Killed a Killer Klown
 66828 | Zot:5    | Noticed a Killer Klown
 66833 | Zot:5    | Noticed a Killer Klown
 66842 | Zot:5    | Killed a Killer Klown
 66848 | Zot:5    | Killed a Killer Klown
 67316 | Zot:5    | Noticed a Killer Klown
 67331 | Zot:5    | Killed a Killer Klown
 67488 | Zot:5    | Lost mutation: You are covered in fur. (AC +1) [potion of
                  | mutation]
 67488 | Zot:5    | Lost mutation: You occasionally lose the ability to read
                  | scrolls when taking damage. [potion of mutation]
 67488 | Zot:5    | Gained mutation: You are partially covered in iridescent
                  | scales. (AC +2) [potion of mutation]
 67488 | Zot:5    | Gained mutation: You possess an exceptional clarity of
                  | mind. [potion of mutation]
 67489 | Zot:5    | Lost mutation: You are partially covered in iridescent
                  | scales. (AC +2) [potion of mutation]
 67489 | Zot:5    | Lost mutation: You are dopey. (Int -2) [potion of mutation]
 67489 | Zot:5    | Lost mutation: You possess an exceptional clarity of mind.
                  | [potion of mutation]
 67489 | Zot:5    | Gained mutation: Your flesh is cold resistant. (rC+)
                  | [potion of mutation]
 67490 | Zot:5    | Lost mutation: You are frail. (-10% HP) [potion of
                  | mutation]
 67490 | Zot:5    | Lost mutation: Potions are less effective at restoring your
                  | health. [potion of mutation]
 67490 | Zot:5    | Gained mutation: Your movements are slightly less
                  | encumbered by armour. (ER -2) [potion of mutation]
 67490 | Zot:5    | Gained mutation: Your spells are a little easier to cast,
                  | but a little less powerful. [potion of mutation]
 67490 | Zot:5    | Gained mutation: Your body sometimes deteriorates upon
                  | taking damage. [potion of mutation]
 67502 | Zot:5    | Got the Orb of Zot
 67823 | D:12     | Noticed Jiba the pandemonium lord
 68051 | D:$      | Escaped with the Orb!

Illustrated notes

Levels and vault maps discovered:
D:1:      nzn_arrival_depleted_hourglass, layout_loops_ring, feat_on_display
D:2:      layout_basic, ebering_ecumenical_altar_sacrificial,
          grunt_ministairs_10, minmay_hexomino_u4
D:3:      layout_basic, mainiacjoe_overflow_catwalk
D:4:      layout_loops_corners, lemuel_crystal_altar,
          minmay_temple_entry_steel_oval, uniq_menkaure
D:5:      layout_loops_ring, minmay_misc_feat_diagonals, item_on_display_a
D:6:      layout_basic, serial_shops, shop, kennysheep_generic_room_11
D:7:      layout_gridville, reono_crystal_passage
D:8:      layout_basic, david_lair_generic, serial_shops, nicolae_shop_crystal,
          minmay_manual_monstrance
D:9:      layout_loops_ring, mainiacjoe_overflow_chevrons,
          kennysheep_generic_room_13
D:10:     layout_layer_cave, david_orc_2, kennysheep_nondescript,
          corexii_mini_fake_secret_closet
D:11:     minmay_weird_star, layout_cave_pools, uniq_fannar, uniq_grum
D:12:     minmay_tri_stars, layout_basic, kennysheep_cluttered_room,
          cheibrodos_worm_habitat, uniq_kirke
D:13:     layout_gridville, serial_shops, nicolae_shop_tiny_real_fake_doors,
          uniq_lodul
D:14:     layout_cave_pools, grunt_vaults_entry_fortified, lemuel_round_altar,
          kennysheep_just_a_vault, uniq_nessos
D:15:     grunt_enter_depths_magical_seal, layout_layer_cave, fedhas_altar_2,
          minmay_tree_intersection
Temple:   hellmonk_temple_divided_pantheon
Lair:1:   layout_roguey [special_room_bee], grunt_megastairs_4
Lair:2:   layout_regular_city, skrybe_swamp_entry_bodies, serial_bayou,
          serial_bayou_lagoon_a, serial_bayou_crossing, serial_bayou_pond_b,
          serial_bayou_pond_a, kennysheep_snail_temple, grunt_megastairs_3
Lair:3:   layout_misc_corridors, spider_nest_entry_a,
          nicolae_volcano_entry_lava_flow, nzn_random_ring, uniq_snorg
Lair:4:   layout_roguey, nicolae_slime_entry_field_trip,
          grunt_forest_stairs_clearing, serial_bayou_shore_a, grunt_megastairs_1
Lair:5:   hangedman_lair_caniforms_friends, layout_long_grid,
          hangedman_lair_in_review, gammafunk_ghost_grave,
          gauntlet_entry_generic, hellmonk_guarded_unrand_zhor,
          serial_bayou_shore_b
Swamp:1:  layout_falls_marsh, serial_swamp_ruin, evilmike_swamp_ruin_rubble_1,
          evilmike_swamp_ruin_house_4, swamp_pool1, hangedman_swamp_diagram
Swamp:2:  layout_falls_marsh, lemuel_altar_in_water, swamp_pool3
Swamp:3:  layout_basic_swamp, nicolae_swamp_fairy_circle, swamp_pool1,
          hangedman_swamp_blocks, nicolae_swamp_drake_lake,
          infiniplex_staircase_pool, uniq_nikola, uniq_donald
Swamp:4:  swamp_basic_johnstein, layout_basic_swamp, swamp_pool1
Spider:1: layout_spider_delve, hellmonk_spider_spawner
Spider:2: layout_spider_delve
Spider:3: layout_cave_pods, uniq_mlioglotl
Spider:4: grunt_spider_rune_circles
Orc:1:    layout_diamond_mine, nicolae_shop_self_help
Orc:2:    kennysheep_orc_mage_school, layout_diamond_mine,
          gammafunk_ghost_cemetery
Elf:1:    layout_loops_ring, serial_shops, shop,
          nicolae_shop_temple_entry_statues_fountains, minmay_elf_annihilation,
          grunt_ministairs_2, minmay_fountain_box, uniq_jorgrun
Elf:2:    nicolae_elf_blades_crystal_corner, layout_rooms,
          portal_ice_cave_entry_pillars_2, serial_shops,
          nicolae_shop_pleasant_corner_grove, shop, nicolae_diamond_shop, shop
Elf:3:    minmay_elf_hall_quartered_circle, layout_geoelf_grid, serial_shops,
          shop
Vaults:1: nicolae_vaults_triangles, hangedman_vaults_nodes,
          nicolae_vaults_trapezoid_layered, vaults_room_grunt_arrival_ludios,
          nicolae_vaults_know_your_exits, nicolae_vaults_big_ls,
          ontoclasm_vaults_ring_small, v_misc_22, nicolae_vaults_heist,
          nicolae_vaults_double_plus_2, nicolae_vaults_trapezoid_lopsided_1,
          layout_vaults_ring, serial_shops, nicolae_diamond_shop, shop, shop,
          nicolae_shop_hallway_plus, nicolae_shop_hallway_stairs
Vaults:2: mu_enter_wizlab_4, nicolae_vaults_cornered_office, v_misc_19,
          v_pattern_3, nicolae_vaults_double_plus_3,
          nicolae_vaults_variable_pillar_hall_cross,
          ontoclasm_vaults_ring_small, nicolae_vaults_little_squares_3,
          v_alt_pattern_6, layout_vaults_big_room, dummy_crypt_entry
Vaults:3: nicolae_vaults_network_s, nicolae_vaults_yaktaur_gun_rack,
          nicolae_vaults_little_squares_5, nicolae_vaults_back_hallway,
          nicolae_vaults_ninety_degrees, v_rooms_2, ontoclasm_vaults_misaligned,
          nicolae_vaults_closet_pinwheel_1, nicolae_vaults_trapezoid_layered,
          v_misc_17, v_misc_5, nicolae_vaults_house_3, ontoclasm_vaults_gateway,
          nicolae_vaults_storage_room_water, vaults_dpeg_cross,
          layout_vaults_omnibox, serial_shops, nicolae_shop_statue_plus,
          nicolae_shop_dealshenge, shop, shop
Vaults:4: vaults_mumra_hex, nicolae_vaults_offset_grid_hallway_4,
          vaults_room_pool, v_misc_30, v_misc_14, ontoclasm_vaults_chip,
          nicolae_vaults_double_plus_2, nicolae_vaults_apartment_1,
          vaults_room_glass_cross, nicolae_vaults_network_star,
          nicolae_vaults_little_ls, nicolae_vaults_tetromino_Z_1,
          nicolae_vaults_trapezoid_lopsided_4, ontoclasm_vaults_ring_large,
          nicolae_vaults_mini_display_case, layout_vaults_maze_snakey,
          serial_glass, uniq_margery, uniq_zenata, uniq_saint_roka, uniq_mara
Vaults:5
Depths:1: minmay_swirls_squares, layout_gridlike, fountainhead,
          lightli_too_deep, rand_demon_pan_entry_1, serial_shops,
          bzr_entry_water, abyss_entry_small_statue_room,
          minmay_misc_feat_plants, minmay_hollow_rounded_squares, firewood_loft,
          uniq_aizul
Depths:2: minmay_cut_squares, layout_basic, enter_ziggurat_f, hell_entry,
          nicolae_tso_swordbearing_angel, grunt_pan_entry_in_and_out,
          abyss_entry, uniq_bai_suzhen
Depths:3: minmay_tearing_corner, layout_basic, rand_demon_pan_entry_8,
          abyss_entry_flame_altar, kennysheep_flooded_box, hell_entry,
          infiniplex_staircase_pool_lava
Depths:4: grunt_zot_entry_alcove, layout_cave_pools, skrybe_limestone_x,
          hell_entry, uniq_parghit
Zot:1:    layout_gridlike, grunt_ministairs_7, st_large_dragon_hoard_4
Zot:2:    layout_basic, lemuel_elevator
Zot:3:    grunt_deathspiral_small, layout_concentric_octagons, uniq_grunn
Zot:4:    layout_gridlike
Zot:5:    layout_basic, bh_zot_lava_cross

Skill      XL: |  1  2  3  4  5  6  7  8  9 10 11 12 13 14 15 16 17 18 19 20 21 22 23 24 25 26 27 |
---------------+----------------------------------------------------------------------------------+-----
Stealth        | 2 3 4 5 10 14 15 16 20 23 25 | 25.9
Throwing       | 1 2 3 5 6 |  6.4
Short Blades   | 5 6 7 8 10 11 14 15 16 18 20 22 25 | 25.4
Dodging        | 4 5 7 10 13 16 19 22 25 | 25.5
Shields        | 1 5 9 10 | 10.6
Fighting       | 5 7 10 12 15 16 20 23 25 | 25.6
Armour         | 4 5 6 8 12 13 | 13.0
Evocations     | 1 5 8 21 | 21.3
Spellcasting   | 4 |  4.0
Translocations | 5 8 |  8.0

Action                     |  1- 3 |  4- 6 |  7- 9 | 10-12 | 13-15 | 16-18 | 19-21 | 22-24 | 25-27 || total
---------------------------+-------+-------+-------+-------+-------+-------+-------+-------+-------++-------
  Melee: Short sword       |    68 |   192 |    63 |       |       |       |       |       |       ||   323
         Punch             |     1 |     3 |     1 |       |       |       |       |       |       ||     5
         Rapier            |       |       |   235 |   490 |  1547 |  1670 |  2212 |  2359 |  4451 || 12964
  Throw: Dart              |     3 |    24 |     5 |    16 |    26 |     6 |    15 |     8 |    39 ||   142
         Boomerang         |       |     1 |       |       |       |       |       |       |       ||     1
         Throwing net      |       |     2 |       |     1 |     3 |       |     2 |     1 |     3 ||    12
   Cast: Blink             |       |       |       |       |       |     5 |       |       |     1 ||     6
         Lesser Beckoning  |       |       |       |       |       |       |     1 |       |       ||     1
 Invoke: Curse Item        |       |     2 |     4 |     3 |     3 |     3 |     2 |     1 |     3 ||    21
         Shatter the Chain |       |       |     1 |     1 |     3 |     3 |     2 |     1 |       ||    11
  Evoke: Lightning rod     |       |       |       |       |     3 |     3 |     7 |     2 |     9 ||    24
         Wand              |       |       |       |       |     2 |    13 |    11 |     3 |    14 ||    43
         Condenser vane    |       |       |       |       |       |     2 |     1 |     1 |     3 ||     7
         Box of beasts     |       |       |       |       |       |     2 |     1 |       |     2 ||     5
         Phantom mirror    |       |       |       |       |       |     1 |       |     1 |     1 ||     3
         Phial of floods   |       |       |       |       |       |     1 |       |     2 |     1 ||     4
    Use: Scroll            |       |     5 |     3 |       |     2 |     7 |    12 |     7 |     8 ||    44
         Potion            |       |     1 |     1 |       |     7 |     1 |       |       |    10 ||    20
   Stab: Sleeping          |    14 |    21 |    27 |    48 |    37 |   145 |   135 |    99 |    75 ||   601
         Invisible         |     1 |     1 |       |     1 |     1 |     1 |       |     2 |    14 ||    21
         Distracted        |       |     1 |     7 |     7 |    14 |    19 |    26 |    27 |    35 ||   136
         Held in net/web   |       |       |       |     1 |     4 |       |     2 |     2 |     3 ||    12
         Confused          |       |       |       |       |       |     5 |       |       |       ||     5
         Petrified         |       |       |       |       |       |       |       |     3 |       ||     3
 Armour: Robe              |     6 |     9 |    12 |    14 |    63 |       |       |       |       ||   104
         Skin              |       |     7 |       |       |       |       |       |       |       ||     7
         Animal skin       |       |       |       |       |    47 |    66 |    87 |   109 |   218 ||   527
  Dodge: Dodged            |    60 |    96 |   151 |   242 |  1001 |   966 |  1229 |   960 |  2234 ||  6939
  Block: Buckler           |       |       |    34 |    78 |   367 |   358 |    91 |       |       ||   928
         Kite shield       |       |       |       |       |       |       |  1196 |  1478 |  2734 ||  5408
         Reflection        |       |       |       |       |       |       |    13 |    52 |    31 ||    96
